 Dungeon Crawl Stone Soup version 0.30-a0-457-g4b7bca3bfa (webtiles) character file.

Game seed: 3702947735574625512

1193 Brandom the Grasshopper (level 8, -1/65 (71) HPs)
             Began as an Armataur Warper on Dec 13, 2022.
             Was an Elder of Cheibriados.
             Slain by a wight
             ... wielding a +4 battleaxe of freezing
              (5 damage)
             ... on level 6 of the Dungeon.
             The game lasted 00:12:00 (5948 turns).

Brandom the Grasshopper (Armataur Warper)           Turns: 5948, Time: 00:12:01

HP:   -1/65 (71)    AC: 12    Str: 26    XL:     8   Next: 20%
MP:   0/11          EV:  8    Int: 26    God:    Cheibriados [****..]
Gold: 336           SH:  0    Dex: 26    Spells: 6/11 levels left

rFire   . . .      SeeInvis .    a - +0 falchion
rCold   . . .      Faith    .    (no shield)
rNeg    . . .      Spirit   +    q - +0 chain mail
rPois   +          Reflect  .    (no helmet)
rElec   .          Harm     .    (no cloak)
rCorr   .          Roll     +    J - +2 pair of gloves
Will    .....                    (no barding)
Stlth   ..........               x - amulet of guardian spirit
HPRegen 0.30/turn                n - +6 ring of dexterity
MPRegen 0.12/turn                h - ring of poison resistance

@: drained, very slow
A: large, rugged brown scales 3, deformed body, armoured tail, roll, long
tongue, awkward tongue
a: Renounce Religion, Bend Time, Temporal Distortion, Slouch


You were on level 6 of the Dungeon.
You worshipped Cheibriados.
Cheibriados was greatly pleased with you.
You visited 1 branch of the dungeon, and saw 6 of its levels.

You collected 336 gold pieces.

Inventory:

Hand Weapons
 a - a +0 falchion (weapon)
Missiles
 d - 7 boomerangs of dispersal (quivered) {!f}
 A - a curare-tipped dart {!f}
Armour
 b - a +0 robe
   (You found it on level 4 of the Dungeon)
 g - a +0 ring mail
   (You found it on level 4 of the Dungeon)
 q - a +0 chain mail (worn)
   (You found it on level 2 of the Dungeon)
 s - a +0 leather armour
   (You found it on level 4 of the Dungeon)
 C - a +0 ring mail
   (You found it on level 5 of the Dungeon)
 G - a +0 leather armour
   (You took it off an orc on level 5 of the Dungeon)
 H - a +0 leather armour
   (You took it off an orc on level 5 of the Dungeon)
 J - a +2 pair of gloves (worn)
   (You found it on level 6 of the Dungeon)
Jewellery
 h - a ring of poison resistance (right hand)
   (You found it on level 3 of the Dungeon)
 m - a ring of positive energy
   (You found it on level 5 of the Dungeon)
 n - a +6 ring of dexterity (left hand)
   (You found it on level 2 of the Dungeon)
 x - an amulet of guardian spirit (around neck)
   (You found it on level 3 of the Dungeon)
 z - a ring of see invisible
   (You found it on level 4 of the Dungeon)
 I - a ring of resist corrosion
   (You found it on level 5 of the Dungeon)
Wands
 K - a wand of charming (13)
   (You found it on level 6 of the Dungeon)
Scrolls
 c - a scroll of brand weapon {unknown}
 e - a scroll of torment {!r}
 f - a scroll of immolation {unknown}
 k - a scroll of noise {unknown}
 r - 3 scrolls of blinking
 t - 2 scrolls of fear {unknown}
 v - a scroll of teleportation {@r4}
 w - 2 scrolls of vulnerability {unknown}
 y - a scroll of enchant weapon {unknown}
 E - a scroll of enchant armour
 F - a scroll of summoning {unknown}
Potions
 i - 5 potions of heal wounds {@q2}
 j - a potion of mutation {unknown}
 l - 2 potions of haste {@q3}
 o - a potion of brilliance {unknown}
 p - a potion of resistance {unknown}
 u - a potion of curing {unknown}
 B - a potion of attraction {unknown}
 D - a potion of ambrosia


   Skills:
 + Level 4.4 Fighting
 + Level 4.4 Long Blades
 - Level 0.8 Throwing
 + Level 5.3 Armour
 - Level 2.0 Dodging
 - Level 2.0 Spellcasting
 + Level 5.3 Translocations
 + Level 2.9 Invocations


You had 6 spell levels left.
You knew the following spells:

 Your Spells              Type           Power      Damage    Failure   Level
a - Teleport Other        Tloc           30%        N/A       21%         3
b - Blink                 Tloc           60%        N/A       10%         2

Your spell library contained the following spells:

 Spells                   Type           Power      Damage    Failure   Level
 Gell's Gravitas          Tloc           30%        N/A       21%         3
 Lesser Beckoning         Tloc           60%        N/A       21%         3
 Kiss of Death            Conj/Necr      8%         2d6       52%         1
 Vhi's Electric Charge    Tloc/Air       32%        N/A       52%         3
 Manifold Assault         Tloc           30%        N/A       54%         4
 Confusing Touch          Hex            2%         N/A       87%         3
 Dispel Undead            Necr           2%         3d7       99%         4
 Borgnjor's Revivificati  Necr           1%         N/A       100%        8
 Necromutation            Tmut/Necr      1%         N/A       100%        8
 Death's Door             Necr           1%         N/A       100%        9


Dungeon Overview and Level Annotations

Branches:
Dungeon (6/15)             Temple (0/1) D:5

Altars:
Cheibriados
Kikubaaqudgha
Okawaru
Qazlal
Uskayaw

Shops:
D:1 (:   D:3 (


Innate Abilities, Weirdness & Mutations

You are completely covered in rugged brown scales. (AC +3, +7% HP)
Armour fits poorly on your strangely shaped body.
You have a long armoured tail.
You roll when moving toward enemies. (Rampage)
Your long tongue fully drains potion bottles. (2x potion effects)
Your tongue gives you trouble enunciating. (1.5x scroll delay)


Message History

There is an open door here.
There is an open door here.
As you open the door, it creaks loudly!
There is an open door here. 2 wights come into view.
A wight is wielding a +4 battleaxe of freezing.
A wight comes into view. It is wielding a +0 dagger.
The wight hits you with a +3 hand axe.
You feel drained. The wight hits you but does no damage.
You completely miss the wight.
The wight hits you with a +4 battleaxe of freezing!
The wight freezes you. The wight hits you with a +3 hand axe!
You feel drained.
You hit the wight. The wight completely misses you.
You closely miss the wight.
Your tail-slap misses the wight.
The wight barely misses you.
You hit the wight. The wight hits you with a +0 dagger.
The wight barely misses you.
You hit the wight but do no damage. The wight hits you but does no damage.
The wight barely misses you.
You completely miss the wight.
The wight hits you but does no damage. x2
You closely miss the wight. You tail-slap the wight.
The wight hits you with a +0 dagger.
You feel drained.
You slash the wight! The wight closely misses you.
The wight hits you with a +4 battleaxe of freezing!
You feel drained. The wight freezes you.
* * * LOW HITPOINT WARNING * * *
The wight hits you with a +3 hand axe!
* * * LOW HITPOINT WARNING * * *
The wight hits you but does no damage.
The wight hits you with a +4 battleaxe of freezing!
* * * LOW HITPOINT WARNING * * *
The wight freezes you.
* * * LOW HITPOINT WARNING * * *
You hit the wight.
You destroy the wight!
Cheibriados appreciates the change of pace.
The wight closely misses you.
Unknown command.
Okay, then.
The flow of time bends around you.
Cheibriados rebukes the wight.
The wight seems to slow down.
Cheibriados rebukes the wight.
The wight seems to slow down.
The wight hits you with a +4 battleaxe of freezing!
* * * LOW HITPOINT WARNING * * *
You feel drained.
* * * LOW HITPOINT WARNING * * *
The wight freezes you.
You die...

..#.......#.............#
..#.......#.............#
..#.......#.............#
..#.......#..####.#######
..#.......#..########
..#.......#.........#
..#.......#.........#
..#.......#.........+
..#.......#.....@z..#
###.......#...###z.##
......>.###...# #..#
........#.....# .....
........#.....#........
........#.....#........#
........#.....#........#
........#####'###+######
####.................


You could see 2 wights.

Vanquished Creatures
  A black bear (D:6)
  An ogre (D:5)
  A centaur (D:5)
  A kobold brigand (D:5)
  A necrophage (D:5)
  3 scorpions
  A wight (D:6)
  A howler monkey (D:5)
  4 hounds
  3 jellies
  Jessica (D:3)
  4 iguanas
  8 adders
  A white imp (D:5)
  2 worms (D:3)
  2 dart slugs
  7 orcs
  9 ball pythons
  4 endoplasms
  A giant cockroach (D:2)
  12 goblins
  3 hobgoblins
  10 jackals
  10 kobolds
  A quokka (D:2)
  8 bats
  5 frilled lizards
  8 rats
113 creatures vanquished.

Notes
Turn   | Place    | Note
-------+----------+-------------------------------------------
     0 | D:1      | Brandom the Armataur Warper began the quest for the Orb.
     0 | D:1      | Reached XP level 1. HP: 18/18 MP: 3/3
    51 | D:1      | Found a faded altar of an unknown god.
    61 | D:1      | Prayed at the altar of an unknown god.
    61 | D:1      | Became a worshipper of Cheibriados the Contemplative
    61 | D:1      | Reached * piety under Cheibriados
    62 | D:1      | Found Qobulez's Vocational Training.
   108 | D:1      | Reached XP level 2. HP: 23/25 MP: 4/4
   542 | D:1      | Found Nechejad's Antique Weapon Boutique.
  1082 | D:2      | Reached ** piety under Cheibriados
  1183 | D:2      | Reached XP level 3. HP: 27/31 MP: 6/6
  1925 | D:3      | Found Aseant's Weapon Shoppe.
  1929 | D:3      | Reached XP level 4. HP: 38/38 MP: 7/7
  1976 | D:3      | Found an iron altar of Okawaru.
  2085 | D:3      | Reached *** piety under Cheibriados
  2277 | D:3      | Found a stormy altar of Qazlal.
  2500 | D:3      | Learned a level 2 spell: Blink
  2589 | D:3      | Noticed Jessica
  2593 | D:3      | Killed Jessica
  2860 | D:4      | Reached XP level 5. HP: 31/44 MP: 8/8
  3739 | D:5      | Entered Level 5 of the Dungeon
  3739 | D:5      | Noticed a centaur
  3746 | D:4      | Reached **** piety under Cheibriados
  3958 | D:5      | Reached XP level 6. HP: 51/54 MP: 9/9
  4136 | D:5      | Reached skill level 1 in Invocations
  4136 | D:5      | Reached XP level 7. HP: 47/60 MP: 7/10
  4450 | D:5      | Found a staircase to the Ecumenical Temple.
  5053 | D:6      | Reached skill level 5 in Translocations
  5309 | D:6      | Reached skill level 5 in Armour
  5315 | D:6      | Reached XP level 8. HP: 70/70 MP: 11/11
  5389 | D:6      | Learned a level 3 spell: Teleport Other
  5471 | D:6      | Found a hide-covered altar of Uskayaw.
  5479 | D:6      | Found an ancient bone altar of Kikubaaqudgha.
  5948 | D:6      | Slain by a wight

Illustrated notes

Levels and vault maps discovered:
D:1:      dpeg_arrival_signposts, layout_basic, serial_forest,
          infiniplex_forest_clump_diagonal, infiniplex_forest_clump_tiny,
          infiniplex_forest_clump_long, infiniplex_forest_corner_2,
          infiniplex_forest_pool, infiniplex_forest_lined_corner,
          infiniplex_forest_lined_2, infiniplex_forest_straight_1,
          basic_ecumenical_altar, serial_shops, shop, nicolae_shop_vocational
D:2:      kennysheep_the_goblin_king, layout_rooms,
          amcnicky_mini_corridor_feature, minmay_small_reverse_x
D:3:      layout_basic, mainiacjoe_overflow_six_doors_small,
          okawaru_ov_weapons_minmay, serial_shops, shop,
          minmay_fractal_squares_diagonal_5, uniq_jessica
D:4:      layout_cave_pools, serial_co_window_serial, co_window_paths_a,
          co_window_corner_a, co_window_corner_a, co_window_cross_1,
          co_window_paths_a, co_window_unsneaky_path_d, co_window_2corner,
          co_window_corner_cb, co_window_broadway_c, co_window_unsneaky_path_d,
          co_window_corner_ca, co_window_2corner, glass_columns_a,
          nrook_mini_backslash
D:5:      layout_layer_cave, minmay_temple_entry_statues_pillars
D:6:      layout_gridville, mainiacjoe_overflow_big_doors,
          minmay_misc_feat_alley, nicolae_fountain_basement

Skill      XL: |  1  2  3  4  5  6  7 |
---------------+----------------------+-----
Long Blades    | 2 3 4 |  4.4
Fighting       | 2 3 4 |  4.4
Spellcasting   | 2 |  2.0
Armour         | 2 3 4 5 |  5.3
Dodging        | 2 |  2.0
Translocations | 4 5 |  5.3
Invocations    | 1 2 |  2.9
Throwing       | |  0.8

Action                   |  1- 3 |  4- 6 |  7- 9 || total
-------------------------+-------+-------+-------++-------
Melee: Falchion          |    99 |   116 |   105 ||   320
       Tailslap          |    18 |    21 |    21 ||    60
       Punch             |     1 |     1 |     1 ||     3
Invok: Bend Time         |       |       |     1 ||     1
  Use: Scroll            |     1 |     5 |     1 ||     7
 Stab: Sleeping          |     1 |       |       ||     1
Armor: Leather armour    |     7 |       |       ||     7
       Ring mail         |    15 |       |       ||    15
       Chain mail        |    19 |    91 |    68 ||   178
Dodge: Dodged            |    37 |    58 |    53 ||   148

Table legend: (Time is in decaauts)
 A = Elapsed time spent in this place.
 B = Non-inter-level travel time spent in this place.
 C = Inter-level travel time spent in this place.
 D = Time resting spent in this place.
 E = Time spent auto-exploring this place.
 F = Levels seen in this place.
 G = Mean time per level.
                   A        B        C        D        E       F      G
               +--------+--------+--------+--------+--------+-----+--------+
         Total |   8540 |   8005 |    535 |    113 |   6883 |   6 | 1423.3 |
       Dungeon |   8540 |   8005 |    535 |    113 |   6883 |   6 | 1423.3 |
               +--------+--------+--------+--------+--------+-----+--------+

Top non-repeatable levels by time:
     D:5: 1665 daAuts
     D:4: 1646 daAuts
     D:1: 1468 daAuts
     D:3: 1451 daAuts
     D:6: 1245 daAuts
     D:2: 1062 daAuts
